 Dungeon Crawl Stone Soup version 0.27.1-3-gb3d3a73c9e (webtiles) character file.

Game seed: 13788809309563943302

77 omarspendo the Ducker (level 4, -1/44 HPs)
             Began as a Troll Fighter on Oct 21, 2021.
             Slain by an orc (2 damage)
             ... on level 5 of the Dungeon.
             The game lasted 00:11:09 (1560 turns).

omarspendo the Ducker (Troll Fighter)               Turns: 1560, Time: 00:11:10

Health: -1/44      AC:  8    Str: 25    XL:     4   Next: 13%
Magic:  3/3        EV:  8    Int:  4    God:
Gold:   57         SH:  9    Dex:  9    Spells: 3/3 levels left

rFire    . . .     SeeInvis .     - Unarmed
rCold    . . .     Faith    .   b - +0 kite shield
rNeg     . . .     Spirit   .   a - +0 robe
rPois    .         Reflect  .   (helmet restricted)
rElec    .         Harm     .   (no cloak)
rCorr    .         Rampage  .   (gloves unavailable)
Will     .....                  (boots unavailable)
Stlth    +.........             (no amulet)
HPRegen  1.14/turn              n - +4 ring of protection
MPRegen  0.08/turn              (no ring)

@: mighty, lethally poisoned (-1 -> -6)
A: large, unfitting armour, claws 3, regeneration 1, shaggy fur 1, tough skin 1
a: no special abilities


You were on level 5 of the Dungeon.
You visited 1 branch of the dungeon, and saw 4 of its levels.

You collected 57 gold pieces.

Inventory:

Missiles
 m - 20 stones (quivered)
Armour
 a - a +0 robe (worn)
 b - a +0 kite shield (worn)
 d - a +0 ring mail
Jewellery
 n - a +4 ring of protection (left claw)
Scrolls
 f - a scroll of enchant armour {unknown}
 g - a scroll of identify {unknown}
 h - a scroll of amnesia {unknown}
 i - a scroll of magic mapping {unknown}
 j - a scroll of acquirement {unknown}
 k - 2 scrolls of teleportation
 l - a scroll of summoning {unknown}
Potions
 e - 2 potions of curing {unknown}
 o - a potion of resistance {unknown}


   Skills:
 + Level 2.7 Fighting
 + Level 3.0 Dodging
 + Level 0.1 Stealth
 + Level 2.8 Shields
 + Level 2.9 Unarmed Combat


You had 3 spell levels left.
You didn't know any spells.
Your spell library contained the following spells:

 Spells                   Type           Power      Damage    Failure   Level
 Blink                    Tloc           N/A        N/A       97%         2
 Manifold Assault         Tloc           0%         N/A       100%        5
 Storm Form               Tmut/Air       0%         N/A       100%        7


Dungeon Overview and Level Annotations

Branches:
Dungeon (3/15)

Altars:

Shops:
D:1 *


Innate Abilities, Weirdness & Mutations

You are too large for most types of armour.
You have claws for hands.
Your natural rate of healing is unusually fast.
You are covered in fur. (AC +1)
You have tough skin. (AC +1)


Message History

You are more poisoned.
The black bear barely misses you. You block the black bear's attack.
The black bear closely misses you.
You mangle the black bear!!
The black bear is severely wounded.
You feel very sick. The black bear bites you. The black bear claws you. x2
The orc hits you but does no damage.
You are more poisoned.
You scratch the black bear.
The black bear is almost dead.
You feel very sick. The orc hits you but does no damage.
You are more poisoned.
The black bear goes berserk!
You closely miss the black bear.
The black bear is almost dead.
You feel very sick.
The black bear bites you but does no damage.
You block the black bear's attack. x2; The orc barely misses you.
You block the black bear's attack. The black bear claws you.
The black bear barely misses you.
You barely miss the black bear.
The black bear is almost dead.
You feel very sick. The black bear bites you.
* * * LOW HITPOINT WARNING * * *
The black bear claws you.
* * * LOW HITPOINT WARNING * * *
The black bear claws you but does no damage.
You block the orc's attack.
You closely miss the black bear.
The black bear is almost dead.
* * * LOW HITPOINT WARNING * * *
You feel very sick.
The black bear bites you but does no damage.
The black bear claws you but does no damage.
You block the black bear's attack.
The orc hits you with a +1 dagger of venom.
You die...

##+## ##...##
##.?...##
##...o...##
#....@....#
.......h....+
............#
###........##
#.#.....##
#.##...## #
##+##


You could see a black bear (berserk) and an orc.

Vanquished Creatures
  2 adders (D:3)
  2 worms
  4 dart slugs
  An orc (D:3)
  A ball python (D:2)
  4 bats
  7 endoplasms
  A giant cockroach (D:1)
  A goblin (D:1)
  6 hobgoblins
  5 kobolds
  A frilled lizard (D:1)
  7 rats
42 creatures vanquished.

Notes
Turn   | Place    | Note
-------+----------+-------------------------------------------
     0 | D:1      | omarspendo the Troll Fighter began the quest for the Orb.
     0 | D:1      | Reached XP level 1. HP: 22/22 MP: 0/0
   138 | D:1      | Reached XP level 2. HP: 29/29 MP: 1/1
   230 | D:1      | Found Udwawuer's General Store.
   524 | D:1      | Reached XP level 3. HP: 36/36 MP: 2/2
  1464 | D:3      | Reached skill level 3 in Dodging
  1464 | D:3      | Reached XP level 4. HP: 44/44 MP: 3/3
  1527 | D:3      | Found a faded altar of an unknown god.
  1553 | D:3      | You fall into a shaft and drop 2 floors!
  1553 | D:5      | Entered Level 5 of the Dungeon
  1553 | D:5      | Noticed a black bear
  1560 | D:5      | HP: 1/44 [poisoned by an orc]
  1560 | D:5      | Slain by an orc

Illustrated notes

Levels and vault maps discovered:
D:1:      saegor_arrival_miasma, layout_basic, serial_shops, shop
D:2:      layout_loops_ring
D:3:      layout_rooms, basic_ecumenical_altar, glass_columns_c
D:5:      layout_loops_corners, serial_shops, nicolae_lakefront_shop, uniq_pikel

Skill      XL: |  1  2  3 |
---------------+----------+-----
Dodging        | 3 |  3.0
Fighting       | |  2.7
Stealth        | |  0.1
Shields        | |  2.8
Unarmed Combat | |  2.9

Action                   |  1- 3 |  4- 6 || total
-------------------------+-------+-------++-------
Melee: Unarmed           |   108 |    12 ||   120
  Use: Scroll            |     1 |       ||     1
       Potion            |       |     1 ||     1
Armor: Robe              |    38 |     9 ||    47
Dodge: Dodged            |    37 |     6 ||    43
Block: Kite shield       |    32 |     9 ||    41
